Match 39967491
Unlisted

Match 39967491
End
Kettenkrad Recon Vehicle
Construct Infanterie Kompanie
Selects Mechanized Battlegroup
Grenadier Squad
Grenadier Squad
MG 42 Machine Gun Team
Construct Panzergrenadier Kompanie
251 Medium Carrier
Panzergrenadier Squad
Selects Raid Package
Medical Station
Pak 40 Anti-tank Gun Team
Grenadier Squad
Selects StuG Assault Group
StuG Assault Group
Construct Panzer Kompanie
Selects Mobile Repair Stations
Selects Stoßtruppen Assault Package
Selects Zeroing Artillery Barrage
Zeroing Artillery Barrage
Sauzer88
[LoB]Fagio
Civil
(BETA) Alpha
0
0

Comments sign in to comment!

No comments posted yet!